 Dungeon Crawl Stone Soup version 0.27.0-1-g7a089689b8 (webtiles) character file.

Game seed: 4179790375518369978

17381 Fv001 the Geomancer (level 12, -3/64 HPs)
             Began as a Gargoyle Earth Elementalist on Aug 5, 2021.
             Was a Priest of Vehumet.
             Slain by a death yak (16 damage)
             ... on level 2 of the Lair of Beasts.
             The game lasted 00:59:00 (16178 turns).

Fv001 the Geomancer (Gargoyle Earth Elementalist)  Turns: 16178, Time: 00:59:01

Health: -3/64      AC: 21    Str: 13    XL:     12   Next: 47%
Magic:  26/26      EV: 14    Int: 20    God:    Vehumet [***...]
Gold:   152        SH:  0    Dex: 16    Spells: 0/32 levels left

rFire    . . .     SeeInvis .   a - +0 flail
rCold    . . .     Faith    .   (no shield)
rNeg     + . .     Spirit   .   k - +0 steam dragon scales
rPois    ∞         Reflect  .   I - +2 helmet
rElec    +         Harm     .   u - +0 cloak
rCorr    .         Rampage  .   P - +1 pair of gloves
Will     .....                  (no boots)
Stlth    +++.......             n - amulet of regeneration
HPRegen  1.20/turn              i - +6 ring of dexterity
MPRegen  0.20/turn              (no ring)

@: no status effects
A: sickness immunity, AC +8, negative energy resistance 1, electricity
resistance, torment resistance 1, petrification resistance
a: Renounce Religion


You were on level 2 of the Lair of Beasts.
You worshipped Vehumet.
Vehumet was most pleased with you.
You visited 3 branches of the dungeon, and saw 14 of its levels.

You collected 924 gold pieces.
You spent 772 gold pieces at shops.

Inventory:

Hand Weapons
 a - a +0 flail (weapon)
 b - a +2 dagger of electrocution
Missiles
 c - 91 stones
 e - a throwing net
 F - 5 boomerangs of dispersal
 G - 6 boomerangs
Armour
 k - +0 steam dragon scales (worn)
 u - a +0 cloak (worn)
 I - a +2 helmet (worn)
 P - a +1 pair of gloves (worn)
Jewellery
 i - a +6 ring of dexterity (left hand)
 n - an amulet of regeneration (around neck)
 B - a ring of ice
 L - an amulet of magic regeneration
 M - the amulet of Mucw {Acrobat Str+5 Int-4 Dex+4}
   (You found it on level 8 of the Dungeon)

   [amulet of the acrobat]

   It increases your evasion while moving and waiting.
   Str:       It affects your strength (+5).
   Int:       It affects your intelligence (-4).
   Dex:       It affects your dexterity (+4).
 N - the brooch of Shielding {Spirit SH+8}
   (You bought it in a shop on level 9 of the Dungeon)

   [amulet of guardian spirit]

   It causes incoming damage to be divided between your reserves of health and
   magic.
   SH:        It affects your SH (+8).
Wands
 m - a wand of iceblast (16)
 p - a wand of polymorph (9)
 x - a wand of flame (24)
 z - a wand of digging (5)
 K - a wand of charming (9)
Scrolls
 g - a scroll of acquirement
 j - 2 scrolls of vulnerability
 l - 4 scrolls of teleportation
 o - a scroll of blinking
 q - 2 scrolls of fog
 r - 2 scrolls of immolation
 t - 2 scrolls of enchant armour {unknown}
 w - 3 scrolls of magic mapping
 y - 6 scrolls of amnesia
Potions
 d - a potion of flight
 f - 3 potions of resistance
 s - 10 potions of might
 v - 4 potions of heal wounds
 A - 2 potions of haste
 C - 7 potions of curing
 D - 2 potions of attraction
 E - 3 potions of magic
 H - a potion of berserk rage
 J - a potion of cancellation


   Skills:
 + Level 3.5 Fighting
 + Level 1.5 Short Blades
 + Level 6.0 Maces & Flails
 + Level 3.3 Armour
 + Level 4.5 Dodging
 + Level 5.9 Stealth
 + Level 1.5 Shields
 + Level 0.1 Unarmed Combat
 + Level 10.8 Spellcasting
 + Level 6.6 Conjurations
 + Level 1.8 Translocations
 + Level 1.3 Transmutations
 + Level 2.2 Fire Magic
 + Level 0.2 Ice Magic
 + Level 2.4 Air Magic
 + Level 11.5 Earth Magic
 + Level 1.8 Poison Magic
 + Level 0.6 Evocations


You couldn't memorise any spells.
You knew the following spells:

 Your Spells              Type           Power      Damage    Failure   Level
a - Sandblast             Erth           100%       2d20      1%          1
b - Stone Arrow           Conj/Erth      94%        3d12      1%          3
c - Passwall              Tmut/Erth      30%        N/A       1%          2
d - Petrify               Tmut/Erth      36%        N/A       4%          4
e - Freeze                Ice            44%        1d6       1%          1
f - Foxfire               Conj/Fire      100%       2x1d9     1%          1
g - Gell's Gravitas       Tloc           9%         N/A       9%          3
h - Poisonous Vapours     Pois/Air       38%        N/A       1%          2
i - Iskenderun's Mystic   Conj/Tloc      28%        2d7       3%          4
j - Bolt of Magma         Conj/Fire/Erth 19%        4d10      3%          5
k - Iron Shot             Conj/Erth      23%        9d5       7%          6

Your spell library contained the following spells:

 Spells                   Type           Power      Damage    Failure   Level
 Apportation              Tloc           36%        N/A       3%          1
 Corona                   Hex            11%        N/A       6%          1
 Summon Small Mammal      Summ           40%        N/A       6%          1
 Animate Armour           Summ/Erth      66%        N/A       6%          4
 Teleport Other           Tloc           18%        N/A       9%          3
 Ensorcelled Hibernation  Hex/Ice        22%        N/A       10%         2
 Call Canine Familiar     Summ           10%        N/A       19%         3
 Summon Guardian Golem    Hex/Summ       10%        N/A       19%         3
 Tukima's Dance           Hex            10%        N/A       19%         3
 Summon Lightning Spire   Summ/Air       15%        N/A       36%         4
 Starburst                Conj/Fire      14%        8x6d6     36%         6
 Alistair's Intoxication  Tmut/Pois      11%        N/A       67%         5
 Blade Hands              Tmut           8%         N/A       71%         5
 Dispersal                Tloc           9%         N/A       99%         6
 Invisibility             Hex            5%         N/A       100%        6
 Shatter                  Erth           27%        3d23*     100%        9


Dungeon Overview and Level Annotations

Branches:
Dungeon (11/15)            Temple (1/1) D:5            Lair (2/6) D:10
 Spider (0/4) Lair:2          Orc (0/2) D:11
  Swamp: Lair:2-4    Shoals: Lair:2-4

Altars:
Ashenzari
Cheibriados
Dithmenos
Elyvilon
Fedhas
Gozag
Hepliaklqana
Kikubaaqudgha
Makhleb
Nemelex Xobeh
Okawaru
Qazlal
Ru
Sif Muna
Trog
Uskayaw
Vehumet
Wu Jian
Xom
Yredelemnul
Zin
The Shining One

Shops:
D:9 =

Annotations:
Lair:1 1 runed translucent door, Froggeryz's ghost, journeyman OpBe
Lair:2 exclusion: hydra


Innate Abilities, Weirdness & Mutations

You are immune to sickness and miasma.
Your stone body is resilient. (AC +8)
You are immune to poison.
You resist negative energy. (rN+)
You are resistant to electric shocks. (rElec)
You are resistant to unholy torment.
You are immune to petrification.


Message History

Press: ? - help, Shift-Dir - straight line, f - komodo dragon
Aim: a komodo dragon (almost dead, 88% to hit)
The blast of sand hits the komodo dragon!
You kill the komodo dragon!
Vehumet accepts your kill.
You feel your power returning.
Your Maces & Flails skill increases to level 6!
Things that are here:
a cane toad corpse; a wolf corpse This spell is quite dangerous to cast!
Memorise Iron Shot, consuming 6 spell levels and leaving 0?
You start memorising the spell.
You continue memorising. x6
You finish memorising.
Spell assigned to 'k'.
There is a stone staircase leading down here.
There is an open door here.
There is a stone staircase leading down here.
You start resting.
Magic restored.
You start removing your amulet.
You continue taking off the brooch of Shielding {Spirit SH+8}. x4
You finish taking off the brooch of Shielding {Spirit SH+8}.
You start putting on your amulet.
You continue putting on your amulet of regeneration. x5
You finish putting on your amulet of regeneration.
The amulet cannot attune itself to your injured body.
n - an amulet of regeneration (around neck) Drop what? 41/52 slots (_ for help) (? for menu, Esc to quit)
You drop an amulet of regeneration.
You climb downwards.
Level annotation: exclusion: hydra Your amulet attunes itself to your body as you begin to regenerate more quickly.
The death yak bellows! x2; The bullfrog croaks.
The death yak gores you!! The bullfrog hits you. The death yak gores you!
The death yak bellows!
There is a stone staircase leading up here.
The bullfrog hits you but does no damage.
The death yak gores you!
* * * LOW HITPOINT WARNING * * *
The death yak gores you!
You die...

.. .. !.. .. ...
.... .. .!.. #...#
.. ....# # ##S...
.. #....#♣.#....#
... #....Y♣....#
.... #.FYY...### .#
....
.###Y@Y###P##..#.
....
#....###..........
....
#..........÷...[..
...
#..####....#...##..
## ## #.##..#####
). # ## ##.## .. #
#..#####..##.##
##......^^.^....
#..#.^^^^^^....#


You could see 5 death yaks, a water moccasin and a bullfrog.

Vanquished Creatures
  The ghost of Armakuni the Grappler, a novice TrTm of the Shining One (D:8)
  2 two-headed ogres
  The ghost of Us3rname the Skirmisher, a novice MiBe of Trog (D:6)
  A black mamba (Lair:2)
  A gargoyle (D:10)
  Maggie (D:10)
  3 cane toads
  3 rime drakes
  5 komodo dragons
  An unseen horror (D:11)
  A troll (D:11)
  Grinder (D:5)
  A hornet (D:11)
  Prince Ribbit (D:8)
  A vampire (D:10)
  A meliai zombie (D:11)
  A shadow (D:10)
  30 yaks
  A wraith (D:9)
  7 vampire mosquitoes
  A steam dragon (D:9)
  A water moccasin (Lair:1)
  3 orc warriors
  An ice beast (D:6)
  2 black bears
  2 sky beasts (D:6)
  A necrophage (D:6)
  A wolf (Lair:1)
  3 centaurs
  A phantom (D:8)
  2 kobold brigands
  A gnoll sergeant (D:8)
  Blork the orc (D:4)
  A bullfrog (Lair:1)
  A scorpion (D:7)
  A water moccasin skeleton (D:5)
  10 killer bees
  9 howler monkeys
  2 electric eels (Lair:1)
  2 bullfrog zombies
  2 centaur zombies
  A hound (D:5)
  3 jellies
  Crazy Yiuf (D:4)
  5 orc priests
  2 gnoll shamans
  3 iguanas
  Natasha (D:2)
  4 orc wizards
  A killer bee zombie (D:7)
  A hound zombie (D:5)
  A hound skeleton (D:4)
  2 mummies (D:8)
  A howler monkey zombie (D:9)
  9 adders
  35 gnolls
  A river rat (D:5)
  2 shadow imps
  A white imp (D:6)
  2 ufetubi (D:5)
  A worm (D:3)
  2 dart slugs
  20 orcs
  8 ball pythons
  2 giant cockroaches
  6 goblins
  7 hobgoblins
  8 jackals
  4 quokkas
  2 bats (D:3)
  A frilled lizard (D:3)
  15 kobolds
  7 rats
271 creatures vanquished.

Vanquished Creatures (collateral kills)
  2 foxfires (Lair:1)
2 creatures vanquished.

Vanquished Creatures (others)
  103 foxfires
  A fungus (Lair:2)
  4 plants
108 creatures vanquished.

Grand Total: 381 creatures vanquished

Notes
Turn   | Place    | Note
-------+----------+-------------------------------------------
     0 | D:1      | Fv001 the Gargoyle Earth Elementalist began the quest for
                  | the Orb.
     0 | D:1      | Reached XP level 1. HP: 10/10 MP: 3/3
   250 | D:1      | Reached skill level 4 in Earth Magic
   250 | D:1      | Reached XP level 2. HP: 15/15 MP: 3/5
   432 | D:1      | Reached XP level 3. HP: 14/19 MP: 3/6
   439 | D:1      | Learned a level 3 spell: Stone Arrow
   913 | D:2      | Identified a scroll of acquirement
   927 | D:2      | Noticed Natasha
  1214 | D:2      | Reached skill level 1 in Maces & Flails
  1221 | D:2      | Learned a level 2 spell: Passwall
  1417 | D:2      | Reached XP level 4. HP: 19/24 MP: 6/8
  1580 | D:2      | Found a faded altar of an unknown god.
  2260 | D:3      | Reached XP level 5. HP: 28/28 MP: 3/10
  2983 | D:3      | Reached skill level 1 in Short Blades
  2983 | D:3      | Reached XP level 6. HP: 32/32 MP: 5/11
  3243 | D:4      | Noticed Edmund
  3261 | D:4      | Noticed Edmund
  3261 | D:4      | Edmund changed into Edmund the rime drake
  3279 | D:4      | Killed Edmund the rime drake
  3280 | D:4      | Reached skill level 5 in Earth Magic
  3280 | D:4      | Reached XP level 7. HP: 16/37 MP: 0/13
  3425 | D:4      | Noticed Blork the orc
  3502 | D:4      | Reached skill level 1 in Armour
  3540 | D:4      | Reached skill level 6 in Earth Magic
  3577 | D:4      | Killed Blork the orc
  3731 | D:4      | Found a runed translucent door.
  3732 | D:4      | Noticed Crazy Yiuf
  3817 | D:4      | Killed Crazy Yiuf
  4201 | D:5      | Entered Level 5 of the Dungeon
  4322 | D:5      | Reached skill level 1 in Fighting
  4478 | D:5      | Noticed a yak
  4478 | D:5      | Noticed a yak
  4496 | D:5      | Killed a yak
  4497 | D:5      | Reached skill level 5 in Spellcasting
  4497 | D:5      | Reached XP level 8. HP: 26/43 MP: 8/15
  4758 | D:5      | Noticed a yak
  4771 | D:5      | Killed a yak
  4797 | D:5      | Found a staircase to the Ecumenical Temple.
  4799 | D:5      | Noticed a yak
  4800 | D:5      | Noticed a yak
  4807 | D:5      | Identified the +0 scimitar of Wrath {venom, rC+ Dex+4 SInv}
  5039 | D:5      | Noticed a yak
  5053 | D:5      | Killed a yak
  5054 | D:5      | Reached skill level 1 in Conjurations
  5054 | D:5      | Reached skill level 7 in Earth Magic
  5059 | D:5      | Killed a yak
  5061 | D:5      | Killed a yak
  5062 | D:5      | Reached XP level 9. HP: 41/48 MP: 2/18
  5078 | Temple   | Entered the Ecumenical Temple
  5186 | Temple   | Became a worshipper of Vehumet
  5211 | D:5      | Noticed Grinder
  5219 | D:5      | Killed Grinder
  5610 | D:6      | Reached skill level 8 in Earth Magic
  5958 | D:6      | Noticed Us3rname's ghost (novice MiBe)
  5986 | D:6      | Learned a level 4 spell: Petrify
  6018 | D:6      | Found a transporter.
  6142 | D:6      | Found a transporter.
  6310 | D:6      | Got Sif Muna's Reference Book on Confrontation and
                  | Weightlessness
  6789 | D:7      | Reached * piety under Vehumet
  6789 | D:7      | Offered knowledge of Freeze by Vehumet.
  6798 | D:7      | Learned a level 1 spell: Freeze
  7413 | D:7      | Found an ancient bone altar of Kikubaaqudgha.
  7659 | D:8      | Noticed Armakuni's ghost (novice TrTm)
  7661 | D:8      | Found a transporter.
  7700 | D:8      | Noticed Prince Ribbit
  7849 | D:8      | Reached XP level 10. HP: 54/54 MP: 7/21
  7865 | D:8      | Reached skill level 9 in Earth Magic
  7984 | D:8      | Found a transporter.
  7995 | D:8      | Found a glowing silver altar of Zin.
  8636 | D:8      | Killed Prince Ribbit
  9031 | D:2      | Killed Natasha
  9400 | D:9      | Reached ** piety under Vehumet
  9400 | D:9      | Offered knowledge of Foxfire by Vehumet.
  9403 | D:9      | Learned a level 1 spell: Foxfire
  9461 | D:9      | Reached skill level 5 in Maces & Flails
  9463 | D:9      | Reached skill level 1 in Fire Magic
  9605 | D:9      | Noticed a two-headed ogre
  9996 | D:9      | Learned a level 3 spell: Gell's Gravitas
 10171 | D:9      | Found Ihowni's Jewellery Shoppe.
 10674 | D:9      | Killed a two-headed ogre
 10675 | D:9      | Reached skill level 5 in Stealth
 10675 | D:9      | Reached skill level 10 in Earth Magic
 10871 | D:10     | Entered Level 10 of the Dungeon
 10889 | D:9      | Reached XP level 11. HP: 60/60 MP: 9/24
 10965 | D:10     | Found a staircase to the Lair.
 10977 | D:10     | Reached skill level 5 in Conjurations
 11085 | D:10     | Reached skill level 1 in Transmutations
 11492 | D:9      | Offered knowledge of Poisonous Vapours by Vehumet.
 11496 | D:9      | Learned a level 2 spell: Poisonous Vapours
 11644 | D:10     | Noticed Maggie
 11666 | D:10     | Reached skill level 1 in Translocations
 11756 | D:10     | Noticed a two-headed ogre
 12405 | D:10     | Killed Maggie
 12406 | D:10     | Reached skill level 10 in Spellcasting
 12406 | D:10     | Reached skill level 11 in Earth Magic
 12505 | D:10     | Killed a two-headed ogre
 12506 | D:10     | Reached skill level 1 in Air Magic
 12506 | D:10     | Reached skill level 1 in Poison Magic
 12630 | D:10     | Found a sparkling altar of Nemelex Xobeh.
 12631 | D:10     | Found a shadowy altar of Dithmenos.
 12645 | Lair:1   | Entered Level 1 of the Lair of Beasts
 12651 | Lair:1   | Learned a level 4 spell: Iskenderun's Mystic Blast
 13191 | Lair:1   | Noticed Froggeryz's ghost (journeyman OpBe)
 13195 | Lair:1   | Found a runed translucent door.
 13779 | Lair:2   | Noticed a six-headed hydra
 13866 | Lair:2   | Reached XP level 12. HP: 60/64 MP: 5/26
 14039 | Lair:2   | Found a hole to the Spider Nest.
 14086 | Lair:2   | Noticed a death yak
 14087 | Lair:2   | Noticed a death yak
 14088 | Lair:2   | Noticed a death yak
 14088 | Lair:2   | Noticed a death yak
 14090 | Lair:2   | Noticed a death yak
 14264 | D:8      | Killed Armakuni's ghost
 14277 | D:8      | Identified the amulet of Mucw {Acrobat Str+5 Int-4 Dex+4}
 14441 | D:6      | Killed Us3rname's ghost
 14585 | D:9      | Bought the brooch of Shielding {Spirit SH+8} for 772 gold
                  | pieces
 14585 | D:9      | Found the brooch of Shielding {Spirit SH+8}
 14625 | D:11     | Found an opulent altar of Gozag.
 14650 | D:11     | Found a staircase to the Orcish Mines.
 15164 | D:11     | Reached *** piety under Vehumet
 15175 | D:11     | Reached skill level 1 in Shields
 15240 | D:10     | Learned a level 5 spell: Bolt of Magma
 16054 | Lair:1   | Learned a level 6 spell: Iron Shot
 16178 | Lair:2   | Slain by a death yak

Illustrated notes

Levels and vault maps discovered:
D:1:      onia_arrival_pentagram, layout_loops_ring, fountainhead
D:2:      layout_loops_cross, basic_ecumenical_altar, uniq_natasha
D:3:      layout_loops_ring
D:4:      layout_loops_cross, chequers_serial_rivers_micro_e, st_stairs_10,
          uniq_crazy_yiuf_cottage, uniq_edmund, uniq_blork_the_orc
D:5:      layout_basic, minmay_temple_entry_grid, portal_sewer_entry_e,
          uniq_grinder
D:6:      layout_loops_cross, gammafunk_ghost_arena
D:7:      layout_cave_pools, mainiacjoe_overflow_alcove_4
D:8:      layout_basic, zin_scriptorium, gammafunk_ghost_mausoleum,
          minmay_hedge_maze, uniq_prince_ribbit1
D:9:      layout_basic, serial_curves, eino_curves_02, eino_curves_01,
          eino_curves_02, eino_curves_01, serial_shops,
          nicolae_shop_temple_entry_statues_fountains, grunt_decor_mini_mirrors,
          dk_noncrumbling_4
D:10:     layout_cross, nicolae_overflow_hidden_temple, lair_entry_dummy,
          uniq_maggie
D:11:     layout_cave_pods, orc_0_dummy,
          nicolae_gozag_cash_rules_everything_around_me
Temple:   nicolae_temple_no_exploring_needed
Lair:1:   layout_chaotic_city, hellmonk_ghost_happy_afterlife,
          serial_bayou_lake_a
Lair:2:   layout_long_grid, spider_nest_entry_web_field, grunt_megastairs_5

Skill      XL: |  1  2  3  4  5  6  7  8  9 10 11 12 |
---------------+-------------------------------------+-----
Earth Magic    | 4 5 6 7 8 10 11 | 11.5
Maces & Flails | 1 2 3 4 5 6 |  6.0
Spellcasting   | 3 4 5 6 7 9 10 | 10.8
Stealth        | 3 4 5 |  5.9
Short Blades   | 1 |  1.5
Dodging        | 2 3 4 |  4.5
Armour         | 1 2 3 |  3.3
Fighting       | 1 2 3 |  3.5
Conjurations   | 1 3 4 6 |  6.6
Fire Magic     | 1 2 |  2.2
Transmutations | 1 |  1.3
Translocations | 1 |  1.8
Air Magic      | 2 |  2.4
Poison Magic   | 1 |  1.8
Shields        | 1 |  1.5
Unarmed Combat | |  0.1
Ice Magic      | |  0.2
Evocations     | |  0.6

Action                   |  1- 3 |  4- 6 |  7- 9 | 10-12 || total
-------------------------+-------+-------+-------+-------++-------
Melee: Unarmed           |    10 |       |       |       ||    10
       Dagger            |     1 |     5 |     1 |    11 ||    18
       Flail             |    18 |    55 |   171 |   174 ||   418
 Cast: Sandblast         |    30 |    49 |    81 |    93 ||   253
       Passwall          |       |     3 |       |     3 ||     6
       Stone Arrow       |       |     4 |    58 |   116 ||   178
       Foxfire           |       |       |       |    59 ||    59
       Freeze            |       |       |       |     3 ||     3
       Poisonous Vapours |       |       |       |    40 ||    40
       Gell's Gravitas   |       |       |       |    16 ||    16
       Iskenderun's Myst |       |       |       |    16 ||    16
       Petrify           |       |       |       |     7 ||     7
       Bolt of Magma     |       |       |       |     4 ||     4
Evoke: Wand              |       |     6 |       |       ||     6
  Use: Scroll            |     4 |     6 |     6 |     6 ||    22
       Potion            |       |     1 |       |     1 ||     2
 Stab: Sleeping          |     2 |     6 |     3 |     3 ||    14
       Petrified         |       |       |       |     8 ||     8
Armor: Robe              |    11 |    20 |       |       ||    31
       Skin              |       |    19 |       |       ||    19
       Leather armour    |       |     8 |   124 |    31 ||   163
       Steam dragon scal |       |       |       |   140 ||   140
Dodge: Dodged            |    23 |    45 |   204 |   286 ||   558
Block: Other             |       |       |       |    60 ||    60
